Map: Habitation Station LE (Void)

Players

Paramount - Winner!

  • Race: Zerg Zerg
  • League: Diamond
  • Spawn Location: 11:00

Musumeci

  • Race: Zerg Zerg
  • League: Diamond
  • Spawn Location: 1:00

VOD

Have the link to the VOD?

Description

Time

  • Played on: Jan. 10, 2017, 8:17 a.m.
  • Length: 8:42
Show
View Real Time Build Order
Export as new Build Order

Paramount Zerg - Winner!

Build Orders: Pool First 

Get SALT Encoding   

  12  0:18  Spawning Pool  
  11  0:22  Drone  
  11  0:26  Drone  
  13  0:30  Drone  
  14  0:40  Overlord  
  14  1:05  Zergling x2  
  14  1:06  Zergling x4  
  17  1:18  Zergling x2  
  18  1:19  Hatchery  
  17  1:28  Zergling x2  
  18  1:33  Queen  
  20  1:41  Overlord  
  20  1:45  Extractor  
  19  1:49  Drone  
  20  2:02  Drone  
  20  2:28  Drone x2  
  20  2:33  Queen  
  20  2:34  Drone x2  
  22  2:41  Queen  
  24  2:47  Drone  
  25  2:53  Drone x2  
  25  2:58  Zergling x2  
  28  3:04  Zergling x4  
  30  3:19  Queen  
  30  3:28  Queen  
  32  3:34  Baneling Nest  
  32  3:36  Drone  
  32  3:38  Drone  
  33  3:49  Drone x3  
  33  3:52  Metabolic Boost  
  33  4:14  Zergling x6  
  33  4:15  Zergling x8  
  32  4:24  Evolution Chamber  
  32  4:25  Evolution Chamber  
  32  4:30  Drone x2  
  32  4:33  Drone  
  32  4:36  Baneling x2  
  33  4:43  Drone x2  
  33  4:44  Drone  
  36  4:50  Overlord  
  36  5:17  Drone x8  
  36  5:19  Overlord  
  44  5:26  Roach Warren  
  44  5:28  Extractor x2  
  41  5:29  Overlord  
  41  5:34  Drone  
  41  5:35  Drone  
  43  5:37  Drone  
  43  5:38  Drone  
  43  5:40  Drone  
  46  5:47  Drone x3  
  49  5:51  Drone  
  49  5:52  Drone x2  
  52  6:03  Overlord x2  
  52  6:04  Overlord  
  52  6:09  Roach x2  
  56  6:13  Roach  
  56  6:14  Baneling  
  58  6:21  Roach x3  
  58  6:25  Roach  
  66  6:33  Roach x3  
  72  6:40  Roach x2  
  72  6:41  Roach  
  72  6:44  Roach x2  
  82  6:48  Baneling x3  
  82  6:53  Roach  
  83  6:55  Overlord  
  83  6:56  Overlord  
  83  7:08  Overlord x2  
  75  7:17  Roach x3  
  76  7:23  Roach  
  76  7:26  Roach  
  80  7:31  Roach x4  
  85  7:47  Zergling x2  
  85  7:48  Zergling x8  
  90  7:53  Roach  
  90  7:57  Zergling x6  
  95  8:08  Roach x2  
  95  8:10  Zergling x2  
  99  8:20  Zergling x4  
Show
View Real Time Build Order
Export as new Build Order

Musumeci Zerg 

Build Orders: Hatch First 

Get SALT Encoding   

  12  0:00  Drone  
  13  0:09  Drone  
  14  0:20  Drone, Extractor  
  15  0:40  Hatchery  
  14  0:51  Drone, Extractor  
  15  1:02  Spawning Pool  
  14  1:07  Extractor  
  13  1:17  Drone, Overlord  
  14  1:36  Drone  
  15  1:49  Zergling x4  
  15  1:50  Zergling x2  
  15  1:52  Zergling x2  
  19  2:02  Zergling x2  
  19  2:19  Zergling x6  
  19  2:35  Metabolic Boost  
  19  2:44  Queen  
  19  2:50  Baneling Nest, Zergling x2  
  21  2:56  Drone  
  22  2:59  Drone  
  22  3:03  Drone  
  22  3:25  Zergling x2  
  22  3:26  Zergling x8  
  27  3:31  Evolution Chamber  
  26  3:39  Overlord  
  26  3:43  Baneling  
  26  3:44  Baneling  
  26  3:45  Baneling  
  26  3:46  Baneling  
  26  3:47  Baneling  
  26  3:55  Overlord  
  20  4:17  Zergling x2  
  20  4:18  Zergling x8  
  20  4:24  Zergling x4  
  25  4:35  Zerg Ground Armor Level 1  
  25  4:39  Drone  
  26  4:51  Zergling x6  
  29  4:54  Drone  
  29  4:57  Drone  
  31  5:00  Baneling  
  31  5:01  Baneling  
  31  5:12  Baneling  
  31  5:14  Baneling  
  31  5:17  Zergling x6  
  36  5:25  Drone  
  36  5:26  Queen  
  37  5:33  Drone  
  37  5:34  Drone  
  39  5:36  Drone  
  39  5:40  Drone  
  39  5:41  Drone  
  42  5:59  Drone  
  42  6:00  Drone  
  44  6:16  Hatchery  
  42  6:22  Drone  
  42  6:23  Lair  
  42  6:24  Overlord x2  
  43  6:57  Drone x3  
  43  6:58  Drone x6  
  43  6:59  Extractor  
  42  7:20  Zergling x8  
  38  7:37  Zergling x2  
  38  7:38  Zergling x10  
  38  7:48  Zergling x2  
  38  7:49  Zergling x4  
  39  7:57  Spine Crawler  
  30  7:58  Spine Crawler  
  30  8:00  Spine Crawler  
  30  8:01  Spine Crawler  
  21  8:12  Zergling x16  
Tags
 
Add a new tag
Caveats
  • Supply blocks, unpowered buildings, or Contaminate may cause inaccurate times.
  • Supply counts are checked every 10 seconds.